 Dungeon Crawl Stone Soup version 0.30.0-20-g3615ddf2f0 (webtiles) character file.

Game seed: 14377656995994402805

10276 qw the Cleaver (level 11, -2/71 HPs)
             Began as a Gargoyle Fighter on May 29, 2023.
             Slain by Maurice
             ... wielding a +2 short sword of venom
              (3 damage)
             ... on level 9 of the Dungeon.
             The game lasted 00:04:41 (7286 turns).

qw the Cleaver (Gargoyle Fighter)                   Turns: 7286, Time: 00:04:41

Health: -2/71      AC: 30    Str: 27    XL:     11   Next: 59%
Magic:  11/11      EV:  9    Int: 12    God:
Gold:   448        SH:  4    Dex:  8    Spells: 10/10 levels left

rFire   . . .        v - +0 war axe (spect)
rCold   + . .        c - +0 buckler
rNeg    + . .        m - +0 plate armour
rPois   inf          l - +2 helmet {Int+3}
rElec   +            o - +1 cloak {rCorr}
rCorr   +            j - +2 pair of gloves
SInv    .            (no boots)
Will    .....        (no amulet) Stlth
                     f - ring of protection from cold
HPRegen 0.31/turn    h - +5 ring of evasion
MPRegen 0.12/turn

%: no passive effects
@: grasped by roots, flying, slowed, constricted, very slow
A: sickness immunity, AC +8, negative energy resistance 1, electricity
resistance, torment resistance 1, petrification resistance, big wings, strong 1,
inability to drink after injury 1
a: no special abilities


You were on level 9 of the Dungeon.
You visited 2 branches of the dungeon, and saw 10 of its levels.

You collected 789 gold pieces.
You spent 341 gold pieces at shops.


Innate Abilities, Weirdness & Mutations

You are immune to sickness and miasma.
Your stone body is resilient. (AC +8)
You are immune to poison.
You resist negative energy. (rN+)
You are resistant to electric shocks. (rElec)
You are resistant to unholy torment.
You are immune to petrification.
Your large and strong wings let you fly.
Your muscles are strong. (Str +4, Int/Dex -1)
You occasionally lose the ability to drink potions when taking damage.


   Skills:
 - Level 9.0 Fighting
 - Level 12.1 Axes
 - Level 4.3 Throwing
 - Level 8.1 Armour
 - Level 1.7 Dodging
 + Level 5.5 Shields


You had 10 spell levels left.
You didn't know any spells.
Your spell library was empty.

Inventory:

Hand Weapons
 k - a +0 morningstar
 v - a +0 spectral war axe (weapon)
Missiles
 p - 9 javelins (quivered)
 y - 3 boomerangs of dispersal
Armour
 b - a +0 kite shield
 c - a +0 buckler (worn)
 j - a +2 pair of gloves (worn)
 l - a +2 helmet of intelligence (worn)
 m - a +0 plate armour (worn)
 o - a +1 cloak of preservation (worn)
 u - a +2 scale mail of fire resistance
 w - a +0 pair of boots
Jewellery
 f - a ring of protection from cold (left hand)
 h - a +5 ring of evasion (right hand)
 n - a ring of resist corrosion
 r - a +6 ring of dexterity
 x - an amulet of reflection
Scrolls
 e - a scroll of brand weapon
 i - 9 scrolls of identify
Potions
 a - 7 potions of curing
 d - 4 potions of might
 g - a potion of attraction
 q - a potion of lignification
 s - a potion of haste
 t - a potion of cancellation

Dungeon Overview and Level Annotations

Branches:
Dungeon (9/15)             Temple (1/1) D:7             Orc (0/2) D:9
   Lair: D:8-11

Altars:
Cheibriados
Dithmenos
Elyvilon
Fedhas
Gozag
Kikubaaqudgha
Makhleb
Nemelex Xobeh
Ru
Sif Muna
Uskayaw
Vehumet
Wu Jian
Xom
Yredelemnul
Zin
The Shining One

Shops:
D:4 *   D:6 *   D:7 [

Annotations:
D:9 Maurice


Message History

Your spectral weapon shares its damage with you!
You hit the freezing wraith but do no damage.
The freezing wraith is severely damaged.
Your +0 spectral war axe closely misses the freezing wraith.
Your +0 spectral war axe hits the slime creature!
Your +0 spectral war axe hits something!
The slime creature hits your +0 spectral war axe.
Your +0 spectral war axe disappears.
The freezing wraith closely misses you.
The freezing wraith hits you but does no damage.
You hear a zap.
The roots erupt in riotous growth!
The freezing wraith is unaffected.
The slime creature is unaffected.
The grasping roots grab you!
You are constricted. x2
The freezing wraith hits you but does no damage.
The freezing wraith barely misses you.
You hear a shout!
You hit the freezing wraith.
The freezing wraith is almost destroyed.
You hit something.
Your +0 spectral war axe hits the freezing wraith!
You destroy the freezing wraith!
Your +0 spectral war axe misses something.
Your +0 spectral war axe hits something!
Something drops a +2 short sword of venom.
Something picks up a +0 longbow.
You are constricted.
You slash the slime creature!
The slime creature is heavily wounded.
You miss something.
Your +0 spectral war axe hits the slime creature.
Your +0 spectral war axe hits something.
Your +0 spectral war axe barely misses something.
Your +0 spectral war axe barely misses the slime creature.
Something picks up a +2 short sword of venom.
It begins to drip with poison!
You are constricted.
You block the slime creature's attack.
A cyclops comes into view.
Something hits you.
You die...

+. ##.###.# #.
#.##).# .# ..
#....)###...
#.
####......##
#. #.###..# #.
#)# .# #.
########)# ...
#.###(.(.....#
#.
.....CJ@..####
# ###C####).#
#.## #.# #.#
..# #. #.. #.
#.. #. #.# ...


You could see a slime creature, 2 cyclopes and a friendly +0 spectral war axe.

Vanquished Creatures
  A two-headed ogre (D:9)
  A boulder beetle (D:9)
  3 centaur warriors (D:9)
  A deep elf archer (D:9)
  A freezing wraith (D:9)
  A troll (D:9)
  2 wyverns
  6 yaks
  A golden eye (shapeshifter) (D:9)
  2 steam dragons
  A vampire mosquito (D:9)
  Duvessa (D:5)
  2 black bears
  2 water moccasins (D:9)
  An ice beast (D:6)
  4 orc warriors
  A sky beast (D:7)
  3 ogres (D:6)
  3 centaurs (D:9)
  A phantom (D:5)
  4 kobold brigands (D:9)
  3 elf zombies (D:8)
  5 bullfrogs
  5 elf skeletons (D:8)
  A gnoll sergeant (D:9)
  A scorpion (D:5)
  9 wights
  Dowan (D:5)
  4 killer bees (D:9)
  6 howler monkeys
  A crimson imp (D:6)
  A human zombie (D:8)
  A hound (D:5)
  3 jellies
  2 orc priests (D:6)
  A gnoll bouda (D:8)
  3 iguanas
  A sleepcap (D:5)
  Ijyb (D:5)
  A human skeleton (D:8)
  10 orc wizards
  A centaur simulacrum (D:9)
  Robin (D:3)
  6 adders
  11 gnolls
  A shadow imp (D:7)
  3 white imps
  An ufetubus (D:6)
  A worm (D:3)
  4 dart slugs
  17 orcs
  10 endoplasms
  2 giant cockroaches
  18 goblins
  9 hobgoblins
  2 jackals (D:3)
  2 quokkas
  4 ball pythons
  2 bats (D:1)
  2 frilled lizards
  21 kobolds
  An orc skeleton (D:8)
  7 rats
228 creatures vanquished.

Vanquished Creatures (others)
  3 spectral weapons
3 creatures vanquished.

Grand Total: 231 creatures vanquished

Notes
Turn   | Place    | Note
-------+----------+-------------------------------------------
     0 | D:1      | qw the Gargoyle Fighter began the quest for the Orb.
     0 | D:1      | Reached XP level 1. HP: 14/14 MP: 1/1
     0 | D:1      | 0 ||| qw: Version: 0.2-a-102-g2b76a06
     0 | D:1      | 0 ||| qw: Game counter: 457
     0 | D:1      | 0 ||| qw: Always use a shield: true
     0 | D:1      | 0 ||| qw: God list: Okawaru
     0 | D:1      | 0 ||| qw: Allow faded altars: false
     0 | D:1      | 0 ||| qw: Do Orc after D:15 true
     0 | D:1      | 0 ||| qw: Do second Lair branch before Depths: true
     0 | D:1      | 0 ||| qw: Lair rune preference: random
     0 | D:1      | 0 ||| qw: Plans: Normal, Zot:1-4, Slime:5, God:TSO, Crypt,
                  | Tomb, Pan, Hells, Abyss, Win
     0 | D:1      | 0 ||| PLANNING D:1-11
    24 | D:1      | 24 ||| Stepping ~*~*~tactically~*~*~ (stealth).
    25 | D:1      | 25 ||| Stepping ~*~*~tactically~*~*~ (stealth).
    26 | D:1      | 26 ||| Stepping ~*~*~tactically~*~*~ (stealth).
    33 | D:1      | Reached skill level 2 in Axes
    87 | D:1      | Reached XP level 2. HP: 18/19 MP: 2/2
   164 | D:1      | 164 ||| Stepping ~*~*~tactically~*~*~ (stealth).
   196 | D:1      | 196 ||| Stepping ~*~*~tactically~*~*~ (stealth).
   198 | D:1      | 198 ||| Stepping ~*~*~tactically~*~*~ (stealth).
   200 | D:1      | 200 ||| Stepping ~*~*~tactically~*~*~ (hiding).
   342 | D:1      | 342 ||| DROPPING +0 club.
   346 | D:1      | 346 ||| Stepping ~*~*~tactically~*~*~ (stealth).
   387 | D:1      | Reached skill level 3 in Axes
   468 | D:1      | Reached XP level 3. HP: 23/23 MP: 3/3
   553 | D:1      | 553 ||| Stepping ~*~*~tactically~*~*~ (hiding).
   801 | D:1      | 801 ||| UPGRADING to +0 pair of gloves.
   806 | D:1      | 806 ||| UPGRADING to ring of protection from cold.
   807 | D:1      | 807 ||| UPGRADING to +5 ring of evasion.
   808 | D:1      | 808 ||| READING scroll labelled FOILUNI ZEMO.
   809 | D:1      | 809 ||| READING 2 scrolls labelled TOANOS WEVIFIE.
   810 | D:1      | 810 ||| READING scroll labelled NAONLU ONKOEW.
   811 | D:1      | 811 ||| DRINKING 2 smoky puce potions.
   970 | D:2      | Reached XP level 4. HP: 26/28 MP: 4/4
   982 | D:2      | 982 ||| DROPPING +0 whip.
  1049 | D:2      | Reached skill level 4 in Axes
  1198 | D:2      | 1198 ||| Stepping ~*~*~tactically~*~*~ (hiding).
  1201 | D:2      | 1201 ||| Stepping ~*~*~tactically~*~*~ (hiding).
  1204 | D:2      | 1204 ||| Stepping ~*~*~tactically~*~*~ (hiding).
  1206 | D:2      | 1206 ||| Stepping ~*~*~tactically~*~*~ (hiding).
  1393 | D:2      | 1393 ||| DROPPING +3 leather armour.
  1394 | D:2      | 1394 ||| READING scroll labelled HEOWESKESOW.
  1397 | D:2      | 1397 ||| READING 3 scrolls labelled WAUMPIA JONG.
  1398 | D:2      | 1398 ||| READING 2 scrolls of enchant armour.
  1398 | D:2      | 1398 ||| ENCHANTING +0 pair of gloves.
  1399 | D:2      | 1399 ||| READING scroll of enchant armour.
  1399 | D:2      | 1399 ||| ENCHANTING +1 pair of gloves.
  1400 | D:2      | 1400 ||| DRINKING 3 fizzy white potions.
  1401 | D:2      | 1401 ||| DRINKING 2 fizzy emerald potions.
  1506 | D:2      | 1506 ||| DROPPING potion of berserk rage.
  1525 | D:3      | 1525 ||| STAIRDANCE
  1531 | D:2      | 1531 ||| DRINKING 2 potions of curing.
  1531 | D:2      | 1531 ||| (to cure confusion)
  1704 | D:3      | Reached XP level 5. HP: 32/32 MP: 5/5
  1717 | D:3      | 1717 ||| Stepping ~*~*~tactically~*~*~ (stealth).
  1718 | D:3      | 1718 ||| READING 2 scrolls of identify.
  1718 | D:3      | 1718 ||| IDENTIFYING fuming cyan potion
  1721 | D:3      | Noticed Robin
  1722 | D:3      | 1722 ||| Stepping ~*~*~tactically~*~*~ (stealth).
  1753 | D:3      | 1753 ||| FLEEEEING.
  1756 | D:3      | 1756 ||| Stepping ~*~*~tactically~*~*~ (stealth).
  1773 | D:3      | Killed Robin
  1789 | D:3      | 1789 ||| Stepping ~*~*~tactically~*~*~ (stealth).
  1930 | D:3      | 1930 ||| Stepping ~*~*~tactically~*~*~ (hiding).
  1931 | D:3      | 1931 ||| Stepping ~*~*~tactically~*~*~ (hiding).
  1940 | D:3      | Reached skill level 5 in Axes
  1948 | D:3      | HP: 8/32 [gnoll/+0 spear (2)]
  1949 | D:3      | 1949 ||| DRINKING potion of heal wounds.
  1980 | D:3      | 1980 ||| DROPPING +2 mace of holy wrath.
  2299 | D:3      | 2299 ||| UPGRADING to +1 helmet of intelligence.
  2304 | D:3      | 2304 ||| READING scroll labelled NAEPNEE EFEFU.
  2305 | D:3      | 2305 ||| DRINKING 2 coppery potions.
  2305 | D:3      | Gained mutation: You sometimes lose your temper in combat.
                  | [potion of mutation]
  2305 | D:3      | Gained mutation: Your muscles are strong. (Str +4, Int/Dex
                  | -1) [potion of mutation]
  2306 | D:3      | 2306 ||| DRINKING potion of mutation.
  2306 | D:3      | Lost mutation: You sometimes lose your temper in combat.
                  | [potion of mutation]
  2306 | D:3      | Lost mutation: Your muscles are strong. (Str +4, Int/Dex
                  | -1) [potion of mutation]
  2306 | D:3      | Gained mutation: Your muscles are strong. (Str +4, Int/Dex
                  | -1) [potion of mutation]
  2306 | D:3      | Gained mutation: You occasionally lose the ability to drink
                  | potions when taking damage. [potion of mutation]
  2306 | D:3      | Gained mutation: Your large and strong wings let you fly.
                  | [potion of mutation]
  2349 | D:4      | Found a sacrificial altar of Ru.
  2375 | D:4      | Found Lam Vib's CLEARANCE SALE!.
  2383 | D:4      | 2383 ||| BUYING +1 cloak of preservation (82 gold).
  2383 | D:4      | Bought a +1 cloak of preservation for 82 gold pieces
  2532 | D:4      | Found a glowing golden altar of the Shining One.
  2750 | D:4      | Reached XP level 6. HP: 38/38 MP: 6/6
  2906 | D:4      | 2906 ||| UPGRADING to +1 cloak of preservation.
  2939 | D:5      | Entered Level 5 of the Dungeon
  2941 | D:5      | Noticed Duvessa
  2958 | D:5      | Noticed Dowan
  2960 | D:5      | Killed Duvessa
  2967 | D:5      | 2967 ||| Stepping ~*~*~tactically~*~*~ (hiding).
  2973 | D:5      | 2973 ||| Stepping ~*~*~tactically~*~*~ (hiding).
  2981 | D:5      | 2981 ||| Stepping ~*~*~tactically~*~*~ (hiding).
  2982 | D:5      | 2982 ||| Stepping ~*~*~tactically~*~*~ (hiding).
  2989 | D:5      | 2989 ||| Stepping ~*~*~tactically~*~*~ (hiding).
  2990 | D:5      | 2990 ||| Stepping ~*~*~tactically~*~*~ (hiding).
  2993 | D:5      | Killed Dowan
  2994 | D:5      | Reached skill level 6 in Axes
  3138 | D:5      | Noticed Ijyb
  3139 | D:5      | 3139 ||| Stepping ~*~*~tactically~*~*~ (stealth).
  3144 | D:5      | Reached skill level 1 in Dodging
  3144 | D:5      | Reached XP level 7. HP: 43/43 MP: 7/7
  3145 | D:5      | 3145 ||| Stepping ~*~*~tactically~*~*~ (hiding).
  3156 | D:5      | Killed Ijyb
  3224 | D:5      | 3224 ||| Stepping ~*~*~tactically~*~*~ (hiding).
  3407 | D:5      | 3407 ||| Stepping ~*~*~tactically~*~*~ (stealth).
  3408 | D:5      | 3408 ||| Stepping ~*~*~tactically~*~*~ (stealth).
  3492 | D:5      | Reached skill level 7 in Axes
  3531 | D:5      | Found a shimmering blue altar of Sif Muna.
  3792 | D:5      | 3792 ||| READING scroll labelled IDAHURUKLUH.
  3793 | D:5      | 3793 ||| DRINKING 2 orange potions.
  3794 | D:5      | 3794 ||| DRINKING 2 bubbling red potions.
  3795 | D:5      | 3795 ||| READING 4 scrolls of identify.
  3795 | D:5      | 3795 ||| IDENTIFYING bubbling ruby potion
  3796 | D:5      | 3796 ||| READING 3 scrolls of identify.
  3796 | D:5      | 3796 ||| IDENTIFYING sapphire potion
  3797 | D:5      | 3797 ||| READING 2 scrolls of identify.
  3797 | D:5      | 3797 ||| IDENTIFYING inky potion
  3798 | D:5      | 3798 ||| DROPPING potion of invisibility.
  3799 | D:5      | 3799 ||| DROPPING potion of degeneration.
  3800 | D:5      | 3800 ||| DROPPING potion of brilliance.
  3836 | D:6      | 3836 ||| DRINKING 4 potions of curing.
  3836 | D:6      | 3836 ||| (to cure confusion)
  3847 | D:6      | Reached XP level 8. HP: 33/50 MP: 8/8
  3865 | D:6      | 3865 ||| DRINKING 3 potions of curing.
  3865 | D:6      | 3865 ||| (to cure confusion)
  4041 | D:6      | Found Uxubb's General Store.
  4047 | D:6      | 4047 ||| SHOPLISTING amulet of guardian spirit (420 gold,
                  | have 288).
  4047 | D:6      | 4047 ||| BUYING potion of curing (42 gold).
  4047 | D:6      | Bought a potion of curing for 42 gold pieces
  4047 | D:6      | 4047 ||| BUYING scroll of brand weapon (133 gold).
  4047 | D:6      | Bought a scroll of brand weapon for 133 gold pieces
  4047 | D:6      | 4047 ||| BUYING scroll of identify (28 gold).
  4047 | D:6      | Bought a scroll of identify for 28 gold pieces
  4047 | D:6      | 4047 ||| BUYING scroll of identify (28 gold).
  4047 | D:6      | Bought a scroll of identify for 28 gold pieces
  4047 | D:6      | 4047 ||| BUYING scroll of identify (28 gold).
  4047 | D:6      | Bought a scroll of identify for 28 gold pieces
  4047 | D:6      | 4047 ||| READING scroll of brand weapon.
  4047 | D:6      | 4047 ||| BRANDING +0 war axe.
  4113 | D:6      | 4113 ||| Stepping ~*~*~tactically~*~*~ (hiding).
  4133 | D:6      | 4133 ||| FLEEEEING.
  4197 | D:6      | Reached skill level 8 in Axes
  4248 | D:6      | 4248 ||| Stepping ~*~*~tactically~*~*~ (stealth).
  4249 | D:6      | 4249 ||| Stepping ~*~*~tactically~*~*~ (stealth).
  4259 | D:6      | Reached skill level 6 in Fighting
  4296 | D:6      | Found an opulent altar of Gozag.
  4306 | D:6      | Found an ornate altar of the Wu Jian Council.
  4372 | D:6      | 4372 ||| Stepping ~*~*~tactically~*~*~ (cloud).
  4373 | D:6      | 4373 ||| Stepping ~*~*~tactically~*~*~ (cloud).
  4428 | D:6      | Identified the +8 hand axe of the Heavens {heavy, rPois
                  | MP+9}
  4464 | D:6      | Found a burning altar of Makhleb.
  4464 | D:6      | Found a shimmering altar of Xom.
  4507 | D:6      | 4507 ||| UPGRADING to +0 chain mail.
  4517 | D:6      | 4517 ||| DROPPING +0 scale mail.
  4518 | D:6      | 4518 ||| UPGRADING to +0 plate armour.
  4528 | D:6      | 4528 ||| DROPPING +0 chain mail.
  4529 | D:6      | 4529 ||| DROPPING ring of wizardry.
  4530 | D:6      | 4530 ||| READING scroll labelled BIQA FILATIFYTT.
  4531 | D:6      | 4531 ||| READING 5 scrolls of identify.
  4531 | D:6      | 4531 ||| IDENTIFYING fizzy blue potion
  4657 | D:7      | Found Lirim's Antique Armour Shop.
  4668 | D:7      | 4668 ||| SHOPLISTING shiny chain mail (142 gold, have 115).
  4704 | D:7      | 4704 ||| Stepping ~*~*~tactically~*~*~ (stealth).
  4706 | D:7      | 4706 ||| Stepping ~*~*~tactically~*~*~ (stealth).
  4717 | D:7      | Reached skill level 1 in Throwing
  4717 | D:7      | Reached XP level 9. HP: 53/55 MP: 9/9
  4881 | D:7      | 4881 ||| Stepping ~*~*~tactically~*~*~ (stealth).
  4882 | D:7      | 4882 ||| Stepping ~*~*~tactically~*~*~ (stealth).
  4905 | D:7      | 4905 ||| READING scroll of enchant armour.
  4905 | D:7      | 4905 ||| ENCHANTING +1 helmet of intelligence.
  4989 | D:7      | Found a staircase to the Ecumenical Temple.
  4990 | D:7      | 4990 ||| PLANNING TEMPLE
  4990 | D:7      | 4990 ||| DROPPING scarf of shadows.
  4991 | D:7      | 4991 ||| READING scroll labelled TUSAAGUCR XOSMOPT.
  4997 | Temple   | Entered the Ecumenical Temple
  5063 | Temple   | 5063 ||| PLANNING D:1-11
  5171 | D:8      | 5171 ||| PLANNING OSSUARY
  5229 | D:8      | 5229 ||| Stepping ~*~*~tactically~*~*~ (stealth).
  5242 | D:8      | Reached skill level 9 in Axes
  5253 | D:8      | Reached skill level 6 in Armour
  5389 | D:8      | 5389 ||| FLEEEEING.
  5390 | D:8      | 5390 ||| FLEEEEING.
  5391 | D:8      | 5391 ||| FLEEEEING.
  5392 | D:8      | 5392 ||| FLEEEEING.
  5393 | D:8      | 5393 ||| FLEEEEING.
  5394 | D:8      | 5394 ||| FLEEEEING.
  5395 | D:8      | 5395 ||| FLEEEEING.
  5396 | D:8      | 5396 ||| FLEEEEING.
  5397 | D:8      | 5397 ||| FLEEEEING.
  5398 | D:8      | 5398 ||| FLEEEEING.
  5399 | D:8      | 5399 ||| FLEEEEING.
  5400 | D:8      | 5400 ||| FLEEEEING.
  5401 | D:8      | 5401 ||| FLEEEEING.
  5402 | D:8      | 5402 ||| FLEEEEING.
  5403 | D:8      | 5403 ||| FLEEEEING.
  5404 | D:8      | 5404 ||| FLEEEEING.
  5405 | D:8      | 5405 ||| FLEEEEING.
  5406 | D:8      | 5406 ||| FLEEEEING.
  5407 | D:8      | 5407 ||| FLEEEEING.
  5408 | D:8      | 5408 ||| STAIRDANCE
  5443 | D:8      | 5443 ||| STAIRDANCE
  5519 | D:8      | 5519 ||| DROPPING +0 flail.
  5616 | D:8      | Reached skill level 10 in Axes
  5618 | D:8      | Reached XP level 10. HP: 63/63 MP: 10/10
  5761 | D:8      | 5761 ||| FLEEEEING.
  5762 | D:8      | 5762 ||| FLEEEEING.
  5763 | D:8      | 5763 ||| FLEEEEING.
  5764 | D:8      | 5764 ||| FLEEEEING.
  5765 | D:8      | 5765 ||| FLEEEEING.
  5789 | D:8      | 5789 ||| Stepping ~*~*~tactically~*~*~ (stealth).
  5838 | D:8      | 5838 ||| RIP OSSUARY
  5840 | D:8      | 5840 ||| PLANNING D:1-11
  5978 | D:9      | Found a glowing silver altar of Zin.
  6012 | D:9      | Noticed a centaur warrior
  6013 | D:9      | 6013 ||| Stepping ~*~*~tactically~*~*~ (hiding).
  6020 | D:9      | Killed a centaur warrior
  6024 | D:9      | 6024 ||| Stepping ~*~*~tactically~*~*~ (stealth).
  6029 | D:9      | 6029 ||| FLEEEEING.
  6030 | D:9      | 6030 ||| FLEEEEING.
  6031 | D:9      | 6031 ||| Stepping ~*~*~tactically~*~*~ (hiding).
  6047 | D:9      | 6047 ||| FLEEEEING.
  6136 | D:9      | Found a staircase to the Orcish Mines.
  6246 | D:9      | 6246 ||| Stepping ~*~*~tactically~*~*~ (hiding).
  6300 | D:9      | 6300 ||| Stepping ~*~*~tactically~*~*~ (hiding).
  6323 | D:9      | 6323 ||| Stepping ~*~*~tactically~*~*~ (stealth).
  6342 | D:9      | 6342 ||| Stepping ~*~*~tactically~*~*~ (stealth).
  6345 | D:9      | 6345 ||| Stepping ~*~*~tactically~*~*~ (stealth).
  6362 | D:9      | 6362 ||| Stepping ~*~*~tactically~*~*~ (hiding).
  6488 | D:9      | Noticed a two-headed ogre
  6495 | D:9      | Identified the +4 short sword of the Enemy {venom, Int+3
                  | Dex+5 Stlth+}
  6495 | D:9      | Identified the ring "Utol" {MP+9 Str+3}
  6495 | D:9      | Noticed a deep elf archer
  6496 | D:9      | Killed a two-headed ogre
  6497 | D:9      | Reached skill level 11 in Axes
  6497 | D:9      | Reached XP level 11. HP: 46/68 MP: 11/11
  6502 | D:9      | Noticed a boulder beetle
  6513 | D:9      | Killed a deep elf archer
  6515 | D:9      | HP: 16/68 [gnoll/+0 flail[a gnoll sergeant] (4)]
  6516 | D:9      | 6516 ||| READING scroll of teleportation.
  6517 | D:9      | 6517 ||| DRINKING 2 potions of heal wounds.
  6524 | D:9      | HP: 17/68 [boulder beetle (5)]
  6525 | D:9      | 6525 ||| DRINKING potion of heal wounds.
  6554 | D:9      | 6554 ||| Stepping ~*~*~tactically~*~*~ (hiding).
  6555 | D:9      | 6555 ||| Stepping ~*~*~tactically~*~*~ (hiding).
  6557 | D:9      | 6557 ||| Stepping ~*~*~tactically~*~*~ (hiding).
  6560 | D:9      | HP: 11/68 [gnoll sergeant/+2 spear of distortion (18)]
  6569 | D:9      | HP: 1/69 [boulder beetle (10)]
  6572 | D:9      | Killed a boulder beetle
  6665 | D:9      | 6665 ||| Stepping ~*~*~tactically~*~*~ (stealth).
  6676 | D:9      | Identified the staff of earth "Hagak" {rElec Str+3}
  6685 | D:9      | Reached skill level 9 in Fighting
  6696 | D:9      | 6696 ||| Stepping ~*~*~tactically~*~*~ (stealth).
  6715 | D:9      | 6715 ||| Stepping ~*~*~tactically~*~*~ (stealth).
  6762 | D:9      | 6762 ||| Stepping ~*~*~tactically~*~*~ (stealth).
  7020 | D:9      | 7020 ||| Stepping ~*~*~tactically~*~*~ (stealth).
  7022 | D:9      | 7022 ||| Stepping ~*~*~tactically~*~*~ (hiding).
  7024 | D:9      | 7024 ||| Stepping ~*~*~tactically~*~*~ (hiding).
  7048 | D:9      | 7048 ||| Stepping ~*~*~tactically~*~*~ (stealth).
  7049 | D:9      | 7049 ||| Stepping ~*~*~tactically~*~*~ (stealth).
  7051 | D:9      | 7051 ||| Stepping ~*~*~tactically~*~*~ (hiding).
  7186 | D:9      | Found a sparkling altar of Nemelex Xobeh.
  7258 | D:9      | Noticed a centaur warrior
  7265 | D:9      | Noticed a centaur warrior
  7272 | D:9      | Noticed Maurice
  7274 | D:9      | Killed a centaur warrior
  7275 | D:9      | Noticed a cyclops
  7279 | D:9      | Killed a centaur warrior
  7280 | D:9      | Reached skill level 12 in Axes
  7282 | D:9      | HP: 16/71 [freezing wraith (8)]
  7284 | D:9      | HP: 5/71 [something (4)]
  7286 | D:9      | HP: 1/71 [something (5)]
  7286 | D:9      | Noticed a cyclops
  7286 | D:9      | Slain by Maurice

Levels and vault maps discovered:
D:1:      spicycebolla_arrival_clurvy, layout_rooms, lexackson_kobold_supper
D:2:      layout_rooms
D:3:      layout_loops_ring, minmay_misc_feat_room, minmay_surrounded,
          uniq_robin
D:4:      layout_loops_ring, mainiacjoe_overflow_tiny_flanked,
          nicolae_tso_carved_into_rock, nicolae_shop_clearance
D:5:      cheibrodos_quashed, layout_basic, tgw_sif, uniq_duvessa, uniq_ijyb
D:6:      layout_rooms, grunt_temple_overflow_champion_of_chaos, minitemple,
          serial_shops, nicolae_square_shop
D:7:      layout_cave_pools, temple_green, serial_shops, shop
D:8:      layout_basic, nicolae_ossuary_entry_catacombs
D:9:      minmay_the_grid_3x2 [minmay_the_grid_medium_cups,
          minmay_the_grid_outer_diamond, minmay_the_grid_plusring,
          minmay_the_grid_dragon_a, minmay_the_grid_fan,
          minmay_the_grid_prize_diamond_cup], layout_loops_ring,
          hellmonk_okawaru_the_only_friend_you_need, zin_treasury,
          nemelex_spade_bored_becter, mainiacjoe_overflow_chevrons,
          minivault_28, uniq_maurice
Temple:   nicolae_temple_godpark

Skill      XL: |  1  2  3  4  5  6  7  8  9 10 11 |
---------------+----------------------------------+-----
Axes           | 2 3 4 5 6 7 8 10 11 12 | 12.1
Fighting       | 4 5 6 7 8 9 |  9.0
Dodging        | 1 |  1.7
Throwing       | 1 2 4 |  4.3
Armour         | 6 7 8 |  8.1
Shields        | 4 5 |  5.5

Action                     |  1- 3 |  4- 6 |  7- 9 | 10-12 || total
---------------------------+-------+-------+-------+-------++-------
  Melee: War axe           |   100 |   193 |   210 |   271 ||   774
  Throw: Javelin           |       |       |    11 |    27 ||    38
    Use: Scroll            |     3 |     6 |     9 |     1 ||    19
         Potion            |     1 |     6 |     4 |     2 ||    13
   Stab: Distracted        |       |       |       |     4 ||     4
 Armour: Scale mail        |    41 |    87 |    64 |       ||   192
         Plate armour      |       |       |    34 |   144 ||   178
  Dodge: Dodged            |    42 |   124 |    86 |   129 ||   381
  Block: Buckler           |    19 |    30 |    17 |    34 ||   100

Table legend:
 A = Non-vault XP
 B = Vault XP
 C = Vault XP percentage of total XP
 D = Non-vault monster count
 E = Vault monster count
 F = Vault count percentage of total count
                 A         B        C        D         E       F
            +---------+---------+-------+---------+---------+-------
      Total |    6294 |    8386 |  57.1 |     167 |      61 |  26.8
            +---------+---------+-------+---------+---------+-------
        D:1 |      40 |      10 |  20.0 |      23 |       8 |  25.8
        D:2 |     100 |       0 |   0.0 |      20 |       0 |   0.0
        D:3 |     111 |      38 |  25.5 |      19 |      13 |  40.6
        D:4 |      20 |       0 |   0.0 |       5 |       0 |   0.0
        D:5 |     372 |     285 |  43.4 |      10 |       4 |  28.6
        D:6 |    1260 |      46 |   3.5 |      19 |       1 |   5.0
        D:7 |     752 |       0 |   0.0 |      13 |       0 |   0.0
        D:8 |    2067 |     813 |  28.2 |      23 |      11 |  32.4
        D:9 |    1572 |    7194 |  82.1 |      35 |      24 |  40.7
            +---------+---------+-------+---------+---------+-------
